 Dungeon Crawl Stone Soup version 0.31-a0-880-g9a209b2425 (webtiles) character file.

Game seed: 14893064128209430842

200 Morbidden the Shooter (level 6, -1/42 (47) HPs)
             Began as a Formicid Hunter on Oct 15, 2023.
             Slain by a hell rat (9 damage)
             ... in a sewer.
             The game lasted 00:02:43 (1654 turns).

Morbidden the Shooter (Formicid Hunter)             Turns: 1654, Time: 00:02:44

HP:   -1/42 (47)    AC:  3    Str: 15    XL:     6   Next: 7%
MP:   0/6           EV: 12    Int:  9    God:
Gold: 182           SH:  0    Dex: 19    Spells: 5/5 levels left

rFire   . . .        a - +0 shortbow
rCold   . . .        (no shield)
rNeg    . . .        c - +0 leather armour
rPois   .            (helmet unavailable)
rElec   .            (no cloak)
rCorr   .            (no gloves)
SInv    +            (no boots)
Will    .....        k - amulet of guardian spirit
Stlth   ++           (no ring)
HPRegen 0.27/turn    (no ring)
MPRegen 0.10/turn

%: guardian spirit
@: heavily drained
A: permanent stasis, dig shafts and tunnels, antennae 3, four strong arms
a: Dig


You were in a sewer.
You visited 1 branch of the dungeon, and saw 3 of its levels.
You also visited: Sewer.

You collected 182 gold pieces.

Inventory:

Hand Weapons
 a - a +0 shortbow (weapon)
 p - a +0 falchion
Armour
 c - a +0 leather armour (worn)
Jewellery
 k - an amulet of guardian spirit (around neck)
Scrolls
 b - a scroll of butterflies
 d - a scroll of torment {unknown}
 i - 2 scrolls of enchant weapon {unknown}
 j - a scroll of blinking {unknown}
 l - a scroll of brand weapon {unknown}
 m - a scroll of enchant armour {unknown}
 n - a scroll of identify {unknown}
 o - a scroll of teleportation {unknown}
Potions
 e - a potion of might {unknown}
 f - a potion of mutation {unknown}
 g - 2 potions of lignification {unknown}
 h - a potion of cancellation {unknown}
 q - 2 potions of resistance {unknown}


   Skills:
 * Level 3.0 Fighting
 * Level 0.4 Long Blades
 * Level 5.9 Ranged Weapons
 * Level 1.4 Armour
 * Level 2.3 Dodging
 + Level 1.4 Stealth


You had 5 spell levels left.
You didn't know any spells.
Your spell library contained the following spells:

 Spells                   Type           Power      Damage    Failure   Level
 Summon Small Mammal      Summ           0%         N/A       45%         1
 Call Canine Familiar     Summ           0%         N/A       83%         3
 Summon Guardian Golem    Hex/Summ       0%         N/A       83%         3


Dungeon Overview and Level Annotations

Branches:
Dungeon (3/15)              Sewer (1/1)

Altars:
Zin

Shops:
D:2 [


Innate Abilities, Weirdness & Mutations

You cannot be hasted, slowed, berserked, paralysed or teleported.
You can dig through walls and to a lower floor.
You have a pair of large antennae on your head. (SInv)
Your four strong arms can wield two-handed weapons with a shield.


Message History

Unknown command.
You shoot an arrow. The arrow hits the hell rat!
The hell rat is severely wounded.
The hell rat bites you!
You feel drained.
The hell rat bites you but does no damage.
Unknown command.
You shoot an arrow.
The arrow hits the hell rat but does no damage.
The hell rat is severely wounded.
The hell rat closely misses you.
Unknown command.
You shoot an arrow. The arrow closely misses the hell rat.
The hell rat barely misses you.
Unknown command.
You shoot an arrow.
The arrow hits the hell rat but does no damage.
The hell rat is severely wounded.
The hell rat bites you! The hell rat barely misses you.
Unknown command.
You are too injured to fight recklessly!
Unknown command.
You are too injured to fight recklessly!
Unknown command.
You are too injured to fight recklessly!
Unknown command.
You shoot an arrow.
The arrow hits the hell rat but does no damage.
The hell rat is severely wounded.
The hell rat bites you!
* * * LOW HITPOINT WARNING * * *
You feel drained.
Unknown command.
Unknown command.
Unknown command.
Unknown command.
You shoot an arrow.
The arrow hits the hell rat but does no damage.
The hell rat is severely wounded.
The hell rat bites you!
You die...

###...###
#..~~~.†#
##~..~.~~##
#...###.~~#
##~~## ##~~##
#~~.#.~ #..~#
#~†##!~~##~~#
#~~#!?~~.#~.#
#∩∩#∩[~~~r@.#
#~~#?!~~.#~.#
#~~##?~~ #..#
#~~~#.. ~..#
##~.## #~.##
#†.~ ~..#
##..~ ~..##
~~...~.


You could see a hell rat.

Vanquished Creatures
  An orc priest (D:3)
  Jessica (D:2)
  2 river rats (Sewer)
  7 adders
  A worm (D:3)
  3 orcs (D:3)
  2 endoplasms
  7 giant cockroaches
  4 goblins
  4 hobgoblins
  7 jackals (D:1)
  2 quokkas (D:3)
  3 ball pythons
  3 bats
  4 frilled lizards
  5 kobolds
  6 rats
62 creatures vanquished.

Notes
Turn   | Place    | Note
-------+----------+-------------------------------------------
     0 | D:1      | Morbidden the Formicid Hunter began the quest for the Orb.
     0 | D:1      | Reached XP level 1. HP: 16/16 MP: 1/1
   146 | D:1      | Reached XP level 2. HP: 22/22 MP: 2/2
   421 | D:1      | Reached XP level 3. HP: 27/27 MP: 3/3
   635 | D:2      | Found Zochumuw's Armour Shop.
   790 | D:2      | Noticed Jessica
   800 | D:2      | Killed Jessica
   801 | D:2      | Reached XP level 4. HP: 34/34 MP: 4/4
   950 | D:2      | Reached skill level 1 in Armour
  1047 | D:2      | Reached skill level 5 in Ranged Weapons
  1178 | D:2      | Found a faded altar of an unknown god.
  1293 | D:3      | Reached XP level 5. HP: 40/40 MP: 5/5
  1304 | D:3      | Found a glowing silver altar of Zin.
  1550 | D:3      | Found a glowing drain.
  1593 | Sewer    | Entered a sewer
  1618 | Sewer    | Reached XP level 6. HP: 47/47 MP: 6/6
  1654 | Sewer    | Slain by a hell rat

Illustrated notes

Levels and vault maps discovered:
D:1:      giann_horns, layout_loops_ring
D:2:      minmay_evil_eye, layout_basic, ebering_ecumenical_altar_sacrificial,
          serial_shops, shop, kennysheep_nub, minmay_gold_behind_fungi,
          uniq_jessica
D:3:      layout_loops_ring, lemuel_crystal_altar, gup_sewer_entry_glass
Sewer:    sewer_hellmonk_bad_rat

Skill      XL: |  1  2  3  4  5 |
---------------+----------------+-----
Dodging        | 2 |  2.3
Armour         | 1 |  1.4
Ranged Weapons | 5 |  5.9
Fighting       | 3 |  3.0
Long Blades    | |  0.4
Stealth        | |  1.4

Action                     |  1- 3 |  4- 6 || total
---------------------------+-------+-------++-------
  Melee: Unarmed           |     6 |       ||     6
   Fire: Shortbow          |    74 |   134 ||   208
 Armour: Leather armour    |    37 |    39 ||    76
  Dodge: Dodged            |    57 |    43 ||   100

Table legend: (Time is in decaauts)
 A = Elapsed time spent in this place.
 B = Non-inter-level travel time spent in this place.
 C = Inter-level travel time spent in this place.
 D = Time resting spent in this place.
 E = Time spent auto-exploring this place.
 F = Levels seen in this place.
 G = Mean time per level.
                   A        B        C        D        E       F      G
               +--------+--------+--------+--------+--------+-----+--------+
         Total |   1696 |   1659 |     37 |     12 |   1035 |   4 |  424.0 |
       Dungeon |   1626 |   1589 |     37 |     12 |   1009 |   3 |  542.0 |
         Sewer |     69 |     69 |      0 |      0 |     26 |   1 |   69.0 |
               +--------+--------+--------+--------+--------+-----+--------+

Top non-repeatable levels by time:
     D:1: 680 daAuts
     D:2: 626 daAuts
     D:3: 319 daAuts
   Sewer: 69 daAuts
